 Dungeon Crawl Stone Soup version 0.32-a0-872-g59262bdc9b (webtiles) character file.

Game seed: 10931271109075827937

58 Biggs the Shooter (level 4, -1/33 HPs)
             Began as a Coglin Hunter on Mar 30, 2024.
             Slain by Sigmund
             ... wielding a +0 scythe
              (8 damage)
             ... on level 2 of the Dungeon.
             The game lasted 00:02:17 (1049 turns).

Biggs the Shooter (Coglin Hunter)                   Turns: 1049, Time: 00:02:18

Health: -1/33      AC:  4    Str: 12    XL:     4   Next: 2%
Magic:  4/4        EV: 11    Int:  8    God:
Gold:   79         SH:  0    Dex: 19    Spells: 3/3 levels left

rFire   . . .        a - +2 sling {Vikramjeet}
rCold   . . .        d - +0 sling {Sosibius}
rNeg    . . .        c - +0 leather armour
rPois   .            (no helmet)
rElec   .            (no cloak)
rCorr   .            (no gloves)
SInv    .            m - +0 pair of boots
Will    .....        (amulet unavailable)
Stlth   ++           (ring unavailable)
HPRegen 0.25/turn    (ring unavailable)
MPRegen 0.09/turn    (no gizmo)

%: no passive effects
@: no status effects
A: off-hand wielding, slow wielding, warmup strikes, no jewellery
a: Invent Gizmo


You were on level 2 of the Dungeon.
You visited 1 branch of the dungeon, and saw 2 of its levels.

You collected 79 gold pieces.

Inventory:

Hand Weapons
 a - a +2 sling (weapon) {Vikramjeet}
 d - a +0 sling (offhand) {Sosibius}
Armour
 c - a +0 leather armour (worn)
 m - a +0 pair of boots (worn)
Scrolls
 b - a scroll of butterflies
 e - 2 scrolls of identify {unknown}
 f - a scroll of immolation {unknown}
 g - a scroll of poison {unknown}
 h - 2 scrolls of fog {unknown}
 j - a scroll of torment {unknown}
 n - a scroll of teleportation {unknown}
 p - a scroll of vulnerability {unknown}
 q - a scroll of enchant weapon {unknown}
Potions
 i - a potion of invisibility {unknown}
 k - a potion of enlightenment {unknown}
 l - a potion of resistance {unknown}
 o - a potion of cancellation {unknown}
 r - a potion of haste {unknown}


   Skills:
 - Level 2.0 Fighting
 + Level 5.0 Ranged Weapons
 - Level 1.7 Dodging
 - Level 0.7 Stealth


You had 3 spell levels left.
You didn't know any spells.
Your spell library was empty.

Dungeon Overview and Level Annotations

Branches:
Dungeon (2/15)

Altars:

Annotations:
D:2 Jessica, Robin, Sigmund


Innate Abilities, Weirdness & Mutations

You can wield a second weapon in your off-hand.
It takes a long time for you to wield or remove held weapons.
Your first few attacks do less damage.
You cannot equip rings or amulets.


Message History

Sigmund is nearby!
Unknown command.
Unknown command.
You shoot a sling bullet. The sling bullet hits Sigmund.
Sigmund is lightly wounded.
You shoot a sling bullet. The sling bullet hits Sigmund.
Sigmund is moderately wounded.
Unknown command.
You shoot a sling bullet. The sling bullet hits Sigmund.
Sigmund is moderately wounded.
You shoot a sling bullet. The sling bullet barely misses Sigmund.
Sigmund gestures at you while chanting.
You are confused.
Unknown command.
You are too confused!
Unknown command.
You are too confused!
Unknown command.
Unknown command.
Unknown command.
Sigmund casts a spell.
Sigmund flickers and vanishes!
Deactivating autopickup; reactivate with Ctrl-A.
You feel less confused.
You see here a scroll labelled BEB WOHIBE.
Fire: a) +2 sling {Vikramjeet}
Press: ? - help, Q - select action Shift-Dir - straight line You shoot a sling bullet. x2
Unknown command.
Fire: a) +2 sling {Vikramjeet}
Press: ? - help, Q - select action Shift-Dir - straight line You shoot a sling bullet. x2
You hear some strange, mumbled words.
A puff of flame appears from out of thin air!
The puff of flame hits you! Something hits you!
You shoot a sling bullet. x2; Something hits you!
* * * LOW HITPOINT WARNING * * *
You shoot a sling bullet. x2; Something hits you!
You die...

..#.# .#.# (#.......
...## ......... .^.
..........# ...
..........## # #.#
#..........# # #.#
#..........# # #?#
#..........###
#@###.#...........
######{#...#.......####
##..................# #
#.............).....# #
#...............######
#.....[.........#
#...............#
#...............#
#...............#


There were no monsters in sight!

Vanquished Creatures
  An adder (D:2)
  2 dart slugs (D:1)
  4 endoplasms
  A goblin (D:1)
  6 hobgoblins (D:1)
  5 jackals (D:1)
  4 kobolds
  5 quokkas
  2 ball pythons (D:1)
  4 bats
  2 frilled lizards (D:1)
  3 rats (D:1)
39 creatures vanquished.

Notes
Turn   | Place    | Note
-------+----------+-------------------------------------------
     0 | D:1      | Biggs the Coglin Hunter began the quest for the Orb.
     0 | D:1      | Reached XP level 1. HP: 16/16 MP: 1/1
   103 | D:1      | Reached skill level 4 in Ranged Weapons
   103 | D:1      | Reached XP level 2. HP: 21/22 MP: 2/2
   287 | D:1      | Reached XP level 3. HP: 27/27 MP: 3/3
   834 | D:2      | Noticed Jessica
   834 | D:2      | Noticed Robin
  1015 | D:2      | Reached skill level 5 in Ranged Weapons
  1015 | D:2      | Reached XP level 4. HP: 33/33 MP: 4/4
  1035 | D:2      | Noticed Sigmund
  1049 | D:2      | Slain by Sigmund

Illustrated notes

Levels and vault maps discovered:
D:1:      dpeg_arrival_tiny_i, layout_loops_corners, minmay_pentomino_r2
D:2:      layout_rooms, serial_shops, shop, kennysheep_small_spiral,
          hangedman_feature_mirror, uniq_sigmund, uniq_jessica, uniq_robin

Skill      XL: |  1  2  3 |
---------------+----------+-----
Ranged Weapons | 4 5 |  5.0
Fighting       | |  2.0
Dodging        | |  1.7
Stealth        | |  0.7

Action                     |  1- 3 |  4- 6 || total
---------------------------+-------+-------++-------
   Fire: Sling             |   142 |    20 ||   162
 Armour: Leather armour    |     6 |     5 ||    11
  Dodge: Dodged            |    13 |     1 ||    14

Table legend: (Time is in decaauts)
 A = Elapsed time spent in this place.
 B = Non-inter-level travel time spent in this place.
 C = Inter-level travel time spent in this place.
 D = Time resting spent in this place.
 E = Time spent auto-exploring this place.
 F = Levels seen in this place.
 G = Mean time per level.
                   A        B        C        D        E       F      G
               +--------+--------+--------+--------+--------+-----+--------+
         Total |   1066 |    984 |     82 |      0 |    799 |   2 |  533.0 |
       Dungeon |   1066 |    984 |     82 |      0 |    799 |   2 |  533.0 |
               +--------+--------+--------+--------+--------+-----+--------+

Top non-repeatable levels by time:
     D:1: 884 daAuts
     D:2: 182 daAuts
